 Dungeon Crawl Stone Soup version 0.28.0-45-g0d030f2227 (webtiles) character file.

Game seed: 17725456504270091091

2209 GigaChad the Carver (level 9, -7/78 HPs)
             Began as a Minotaur Fighter on Apr 14, 2022.
             Was an Elder of Vehumet.
             Mangled by an orc warrior
             ... wielding a +0 battleaxe
              (16 damage)
             ... in a bailey.
             The game lasted 00:15:03 (5533 turns).

GigaChad the Carver (Minotaur Fighter)              Turns: 5533, Time: 00:15:04

Health: -7/78      AC: 14    Str: 21    XL:     9   Next: 13%
Magic:  8/8        EV:  9    Int:  5    God:    Vehumet [****..]
Gold:   373        SH: 11    Dex: 14    Spells: 8/8 levels left

rFire   x . .      SeeInvis .   a - +0 long sword
rCold   + . .      Faith    .   c - +0 buckler
rNeg    . . .      Spirit   .   z - +0 chain mail
rPois   .          Reflect  +   (helmet restricted)
rElec   .          Harm     .   (no cloak)
rCorr   .          Rampage  .   (no gloves)
Will    .....                   (no boots)
Stlth   ..........              t - amulet of reflection
HPRegen 0.23/turn               f - ring of ice
MPRegen 0.11/turn               i - +4 ring of protection

@: no status effects
A: horns 2, retaliatory headbutt
a: Renounce Religion


You were in a bailey.
You worshipped Vehumet.
Vehumet was greatly pleased with you.
You visited 1 branch of the dungeon, and saw 7 of its levels.
You also visited: Ossuary and Bailey.

You collected 373 gold pieces.

Inventory:

Hand Weapons
 a - a +0 long sword (weapon)
 k - a +0 scythe
 x - a +0 shortbow
 A - a +3 hand axe
Missiles
 g - 93 arrows
 q - 4 silver javelins (quivered)
Armour
 b - a +0 scale mail
 c - a +0 buckler (worn)
 z - a +0 chain mail (worn)
Jewellery
 f - a ring of ice (left hand)
 i - a +4 ring of protection (right hand)
 l - a ring of magical power
 t - an amulet of reflection (around neck)
Scrolls
 h - 8 scrolls of identify
 p - a scroll of fear
 u - a scroll of magic mapping
 w - a scroll of enchant weapon {unknown}
 y - a scroll of teleportation
Potions
 d - a potion of might
 e - 3 potions of flight
 j - 6 potions of curing
 m - a potion of haste {unknown}
 n - a potion of invisibility
 o - a potion of resistance
 r - a potion of brilliance {unknown}
 s - 2 potions of ambrosia {unknown}
 v - a potion of heal wounds {unknown}


   Skills:
 + Level 6.7 Fighting
 + Level 8.8 Long Blades
 + Level 8.0 Armour
 + Level 3.5 Dodging
 + Level 0.3 Stealth
 + Level 7.1 Shields


You had 8 spell levels left.
You didn't know any spells.
Your spell library contained the following spells:

 Spells                   Type           Power      Damage    Failure   Level
 Fulminant Prism          Conj/Hex       0%         3d6       100%        4
 Animate Skeleton         Necr           0%         N/A       99%         1
 Pain                     Necr           0%         1d4       99%         1
 Vampiric Draining        Necr           0%         2d6       100%        3
 Olgreb's Toxic Radiance  Pois           0%         N/A       100%        4
 Ozocubu's Refrigeration  Ice            0%         4d5       100%        7
 Ignition                 Fire           0%         3d3       100%        8


Dungeon Overview and Level Annotations

Branches:
Dungeon (7/15)            Ossuary (visited)          Bailey (1/1)
 Temple: D:4-7

Altars:
Vehumet
Yredelemnul

Annotations:
D:4 Dowan, Duvessa


Innate Abilities, Weirdness & Mutations

You have a pair of horns on your head.
You reflexively headbutt those who attack you in melee.


Message History

You block the gnoll's attack. The goblin hits you but does no damage.
The orc warrior hits you with a +0 battleaxe!
The orc warrior hits you with a +0 battleaxe!
You block the gnoll's attack. You block the orc warrior's attack. x2
You slash the orc warrior! Your headbutt misses the orc warrior.
The orc warrior is moderately wounded.
The gnoll hits you with a +0 hand axe.
The orc warrior hits you but does no damage.
You block the orc warrior's attack.
The orc warrior hits you but does no damage.
You hit the orc warrior but do no damage.
The orc warrior is heavily wounded.
The gnoll hits you but does no damage. You block the orc warrior's attack. x2
The orc warrior hits you but does no damage.
You barely miss the orc warrior.
The orc warrior is heavily wounded.
You block the gnoll's attack.
The orc warrior hits you with a +3 hand axe!!
* * * LOW HITPOINT WARNING * * *
The orc warrior barely misses you. You block the orc warrior's attack.
The orc warrior hits you with a +3 hand axe!
* * * LOW HITPOINT WARNING * * *
You block the gnoll's attack.
You closely miss the orc warrior. Your headbutt misses the orc warrior.
The orc warrior is moderately wounded.
You block the orc warrior's attack. x2; The gnoll barely misses you.
The orc warrior hits you with a +3 hand axe.
* * * LOW HITPOINT WARNING * * *
You closely miss the orc warrior.
The orc warrior is moderately wounded.
The orc warrior hits you but does no damage.
You block the orc warrior's attack.
The orc warrior hits you but does no damage.
The gnoll hits you with a +0 hand axe.
* * * LOW HITPOINT WARNING * * *
You barely miss the orc warrior.
You headbutt the orc warrior, but do no damage.
The orc warrior is heavily wounded.
The orc warrior hits you with a +0 battleaxe!
You die...

#.......#
##.......##
#.........#
##.........##
#.....⌠.....#
##.........##
#.......g.#
##..).ggo##
....'....oo@#
....##...go##
.... #######
.


You could see 4 orc warriors, a gnoll, a hobgoblin and 2 goblins.

Vanquished Creatures
  Sigmund (D:2)
  A yak (D:6)
  4 orc warriors (Bailey)
  A black bear (D:6)
  A necrophage (D:6)
  3 centaurs (D:6)
  3 elf zombies (Ossuary)
  2 scorpions
  A wyvern zombie (D:6)
  2 water moccasin skeletons
  A centaur zombie (Ossuary)
  A human zombie (Ossuary)
  3 hounds
  Jessica (D:3)
  Natasha (thrice) (D:2)
  A scorpion zombie (D:5)
  3 hound zombies (Ossuary)
  3 mummies (Ossuary)
  4 gnolls (Bailey)
  9 adders
  3 white imps
  2 ufetubi
  2 adder skeletons (D:4)
  5 adder zombies (Ossuary)
  4 worms
  A dart slug (D:4)
  12 orcs
  A ball python (D:4)
  4 bats
  8 endoplasms
  4 giant cockroaches
  A gnoll zombie (Ossuary)
  8 goblins
  8 hobgoblins
  6 jackals (D:1)
  4 kobolds
  2 quokkas (D:1)
  3 frilled lizards
  5 goblin zombies (Ossuary)
  2 hobgoblin zombies (Ossuary)
  4 jackal zombies (Ossuary)
  5 kobold zombies (Ossuary)
  A quokka zombie (Ossuary)
  A rat (D:2)
  4 rat zombies (Ossuary)
148 creatures vanquished.

Vanquished Creatures (others)
  3 plants (D:4)
3 creatures vanquished.

Grand Total: 151 creatures vanquished

Notes
Turn   | Place    | Note
-------+----------+-------------------------------------------
     0 | D:1      | GigaChad the Minotaur Fighter began the quest for the Orb.
     0 | D:1      | Reached XP level 1. HP: 19/19 MP: 0/0
   123 | D:1      | Reached XP level 2. HP: 17/27 MP: 1/1
   605 | D:2      | Reached XP level 3. HP: 22/33 MP: 2/2
   749 | D:2      | Noticed Natasha
   763 | D:2      | Killed Natasha
  1209 | D:2      | Noticed Natasha
  1219 | D:2      | Killed Natasha
  1220 | D:2      | Reached XP level 4. HP: 21/41 MP: 3/3
  1229 | D:2      | Noticed Natasha
  1236 | D:2      | Killed Natasha
  1611 | D:2      | Noticed Sigmund
  1622 | D:2      | Killed Sigmund
  1623 | D:2      | Reached skill level 5 in Long Blades
  1623 | D:2      | Reached skill level 5 in Armour
  1623 | D:2      | Reached XP level 5. HP: 29/47 MP: 4/4
  1623 | D:2      | Reached XP level 6. HP: 33/53 MP: 5/5
  2489 | D:3      | Found a faded altar of an unknown god.
  2501 | D:3      | Prayed at the altar of an unknown god.
  2501 | D:3      | Became a worshipper of Vehumet
  2501 | D:3      | Reached * piety under Vehumet
  2501 | D:3      | Offered knowledge of Foxfire by Vehumet.
  2565 | D:3      | Noticed Jessica
  2576 | D:3      | Killed Jessica
  2577 | D:3      | Reached skill level 5 in Fighting
  2862 | D:3      | Offered knowledge of Magic Dart by Vehumet.
  2897 | D:3      | Reached ** piety under Vehumet
  2950 | D:4      | Reached skill level 1 in Dodging
  3009 | D:4      | Found a sand-covered staircase.
  3013 | Ossuary  | Entered an ossuary
  3058 | Ossuary  | Reached XP level 7. HP: 60/61 MP: 6/6
  3085 | Ossuary  | Offered knowledge of Searing Ray by Vehumet.
  3174 | Ossuary  | Reached *** piety under Vehumet
  3278 | Ossuary  | Reached skill level 5 in Shields
  3492 | D:4      | Noticed Duvessa
  3493 | D:4      | Noticed Dowan
  3704 | D:5      | Entered Level 5 of the Dungeon
  3718 | D:5      | Offered knowledge of Fulminant Prism by Vehumet.
  4022 | D:5      | Reached XP level 8. HP: 57/70 MP: 7/7
  4420 | D:6      | Noticed a four-headed hydra
  4630 | D:6      | HP: 1/71 [seven-headed hydra (7)]
  4974 | D:6      | Found a basalt altar of Yredelemnul.
  5114 | D:7      | Found a flagged portal.
  5124 | Bailey   | Entered a bailey
  5184 | Bailey   | Reached **** piety under Vehumet
  5353 | Bailey   | Reached XP level 9. HP: 47/78 MP: 8/8
  5533 | Bailey   | Mangled by an orc warrior

Illustrated notes

Levels and vault maps discovered:
D:1:      pf_arrival_petrified_forest, layout_rooms
D:2:      layout_loops_ring, serial_co_window_serial,
          co_window_of_opportunity_a, co_window_paths_b, co_window_paths_b,
          co_window_paths_b, co_window_paths_a, co_window_broadway_b,
          co_window_2corner, co_window_broadway_b, co_window_2corner,
          uniq_sigmund, uniq_natasha
D:3:      layout_loops_ring, nicolae_ecumenical_oubliette, uniq_robin,
          uniq_jessica
D:4:      layout_basic, mainiacjoe_overflow_boulevard,
          mainiacjoe_overflow_big_doors, enter_ossuary_5, serial_forest,
          infiniplex_forest_straight_3, infiniplex_forest_lined_room_2,
          infiniplex_forest_clump_C, infiniplex_forest_clump_tiny,
          infiniplex_forest_zigzag_1, grunt_decor_one_mirror, uniq_duvessa
D:5:      layout_loops_ring
D:6:      hangedman_cross_stitches, layout_loops_cross, kennysheep_mini_moat,
          minmay_temple_entry_arrows
D:7:      layout_basic, mainiacjoe_overflow_small_starburst, enter_bailey_2,
          uniq_menkaure
Bailey:   bailey_axe_minmay_hex_keep, bailey

Skill      XL: |  1  2  3  4  5  6  7  8  9 |
---------------+----------------------------+-----
Shields        | 4 5 7 |  7.1
Fighting       | 4 5 6 |  6.7
Armour         | 4 5 6 7 8 |  8.0
Long Blades    | 3 5 7 8 |  8.8
Dodging        | 1 2 3 |  3.5
Stealth        | |  0.3

Action                   |  1- 3 |  4- 6 |  7- 9 || total
-------------------------+-------+-------+-------++-------
Melee: Long sword        |    63 |   113 |   295 ||   471
       Headbutt          |     8 |    30 |    60 ||    98
  Use: Scroll            |     2 |     5 |     6 ||    13
Armor: Scale mail        |    42 |    81 |   127 ||   250
       Chain mail        |       |       |    42 ||    42
Dodge: Dodged            |    32 |    62 |   132 ||   226
Block: Buckler           |    15 |    30 |   169 ||   214
       Reflection        |       |       |     6 ||     6
